 Dungeon Crawl Stone Soup version 0.17-a0-1830-g81820eb (webtiles) character file.

13184 terribad the Fighter (level 11, 0/97 HPs)
             Began as a Demigod Fighter on Sept 13, 2015.
             Slain by a komodo dragon (22 damage)
             ... on level 1 of the Lair of Beasts.
             The game lasted 00:53:40 (17615 turns).

terribad the Fighter (Demigod Fighter)             Turns: 17615, Time: 00:53:41

Health: 0/97       AC: 17    Str: 25    XL:     11   Next: 44%
Magic:  14/14      EV:  8    Int: 15    God:
Gold:   852        SH: 12    Dex: 15    Spells: 0 memorised, 10 levels left

rFire  . . .     SeeInvis .     a - +3 hand axe (chop)
rCold  . . .     Clarity  .     J - +0 plate armour
rNeg   . . .     SustAt   +     c - +0 shield
rPois  .         Gourm    .     h - +0 helmet
rElec  .         Spirit   .     u - +0 cloak
rCorr  .         Warding  .     F - +1 pair of gloves "Ririun" {Int+3}
rMut   .         Stasis   .     (no boots)
MR     +....                    (no amulet)
Stlth  ..........               B - ring of wizardry
                                v - ring of stealth

@: somewhat resistant to hostile enchantments, extremely unstealthy
A: high mp 1, sustain attributes
a: no special abilities


You were on level 1 of the Lair of Beasts.
You were very hungry.

You visited 3 branches of the dungeon, and saw 14 of its levels.

You collected 1051 gold pieces.
You spent 199 gold pieces at shops.

Inventory:

Hand weapons
 a - a +3 hand axe of chopping (weapon)
 d - a +3 flail
 m - a +1 whip of electrocution
 O - a +0 war axe
Missiles
 s - 21 tomahawks (quivered)
Armour
 c - a +0 shield (worn)
 h - a +0 helmet (worn)
 u - a +0 cloak (worn)
 F - the +1 pair of gloves "Ririun" (worn) {Int+3}
   (You bought it in a shop on level 10 of the Dungeon)

   It affects your intelligence (+3).
 J - a +0 plate armour (worn)
Jewellery
 v - a ring of stealth (left hand)
 B - a ring of wizardry (right hand)
Magical devices
 k - a wand of flame (30)
 l - a wand of disintegration (15)
 z - a wand of confusion (28)
 A - a wand of frost (38)
 H - a wand of polymorph (14)
 L - a wand of lightning (9)
Scrolls
 b - a scroll of blinking {unknown}
 g - 4 scrolls of enchant weapon
 n - a scroll of fog {unknown}
 o - 3 scrolls of magic mapping
 p - 2 scrolls of enchant armour {unknown}
 r - a scroll of identify
 w - a scroll of random uselessness {unknown}
 x - 3 scrolls of recharging {unknown}
 y - 6 scrolls of amnesia
 C - 2 scrolls of teleportation
 D - 2 scrolls of fear {unknown}
 G - a scroll of remove curse
Potions
 f - 5 potions of curing
 i - a potion of heal wounds
 j - a potion of ambrosia {unknown}
 q - 2 potions of haste {unknown}
 t - a potion of magic {unknown}
 I - a potion of brilliance {unknown}
 K - a potion of flight {unknown}
Books
 E - a book of Cantrips

   Spells                             Type                      Level
   a - Corona                         Hexes                        1
   b - Animate Skeleton               Necromancy                   1
   c - Summon Small Mammal            Summoning                    1
   d - Apportation                    Translocation                1
 M - a book of the Warp

   Spells                             Type                      Level
   a - Recall                         Summoning/Translocation      3
   b - Gell's Gravitas                Hexes/Translocation          3
   c - Force Lance                    Conjuration/Translocation    4
   d - Phase Shift                    Translocation                5
   e - Warp Weapon                    Charms/Translocation         5
   f - Summon Forest                  Summoning/Translocation      5
Comestibles
 e - 4 bread rations


   Skills:
 * Level 9.5 Fighting
 + Level 9.4 Axes
 + Level 6.2 Armour
 + Level 5.0 Dodging
 + Level 9.4 Shields


You had 10 spell levels left.
You didn't know any spells.

Dungeon Overview and Level Annotations

Branches:
Dungeon (11/15)            Temple (0/1) D:4            Lair (1/8) D:11
    Orc (2/4) D:9

Shops:
D:10 [

Annotations:
D:11 Snorg


Innate Abilities, Weirdness & Mutations

You have an increased reservoir of magic (+10% MP).
Your attributes are resistant to harm.


Message History

The komodo dragon hisses angrily.
You start resting.
A komodo dragon is nearby!
Drink which item? (? for menu, Esc to quit)
Okay, then.
You closely miss the komodo dragon. The komodo dragon bites you.
You slash the komodo dragon!
The komodo dragon is moderately wounded.
The komodo dragon bites you.
You slash the komodo dragon!
The komodo dragon is heavily wounded.
The komodo dragon bites you!
* * * LOW HITPOINT WARNING * * *
You hit the komodo dragon.
The komodo dragon is heavily wounded.
The komodo dragon bites you but does no damage.
You slash the komodo dragon!
The komodo dragon is almost dead.
The komodo dragon bites you!!
You die...

...........# ##P...........
...........## ##..........##
............# ##...........##
............# ###...........###
.......)....# #..............#P
........l...## #..............##
.............# ##.............##
.............###...............#
.............##@##.............#
.............#l###............##
..............## #..........###
..............# #......
............# ..#.##
...........## ..### ........##
#....P### #..##


You could see a komodo dragon.

Vanquished Creatures
  2 tengu warriors (D:11)
  An unseen horror (D:11)
  A hill giant (D:9)
  A centaur zombie (D:10)
  A spiny frog (Lair:1)
  A centaur skeleton (D:10)
  A komodo dragon (Lair:1)
  A fire drake (Lair:1)
  Prince Ribbit (D:8)
  A trapdoor spider zombie (D:9)
  A two-headed ogre (Orc:2)
  A trapdoor spider (D:10)
  A wyvern (D:11)
  7 yaks
  A hippogriff (D:10)
  2 hungry ghosts
  2 wargs (Orc:1)
  5 wolves (Lair:1)
  A soldier ant (D:11)
  2 porcupines (Lair:1)
  2 water moccasins
  4 orc warriors
  A sky beast (D:10)
  3 eyes of draining
  An ice beast (D:9)
  2 black bears
  6 ogres
  A crocodile (Lair:1)
  4 big kobolds
  A centaur (D:9)
  9 giant frogs
  A wyvern zombie (D:7)
  2 jellies
  A wyvern skeleton (D:8)
  3 scorpions
  19 wights
  8 killer bees
  6 crimson imps
  3 hounds
  A quasit (D:11)
  Crazy Yiuf (D:2)
  A gnoll shaman (D:9)
  15 orc wizards
  An iguana (D:6)
  7 orc priests
  15 worker ants
  A killer bee zombie (D:3)
  4 sheep (D:11)
  A hound zombie (D:6)
  2 worker ant zombies
  13 gnolls
  13 adders
  A shadow imp (D:9)
  An adder zombie (D:5)
  3 oozes (D:1)
  2 adder skeletons
  A worm (D:3)
  4 giant geckos
  69 orcs
  7 bats
  A bat zombie (D:7)
  13 hobgoblins
  10 jackals
  31 kobolds
  3 quokkas
  3 giant cockroaches
  A giant gecko skeleton (D:8)
  3 giant newts
  11 goblins
  A quokka skeleton (D:8)
  A quokka zombie (D:6)
  11 rats
  2 rat zombies (D:7)
365 creatures vanquished.

Vanquished Creatures (others)
  A worm (D:2)
  An orc (D:9)
2 creatures vanquished.

Grand Total: 367 creatures vanquished

Notes
Turn   | Place    | Note
--------------------------------------------------------------
     0 | D:1      | terribad the Demigod Fighter began the quest for the Orb.
     0 | D:1      | Reached XP level 1. HP: 18/18 MP: 3/3
   171 | D:1      | Reached XP level 2. HP: 25/25 MP: 4/4
   530 | D:1      | Reached XP level 3. HP: 22/30 MP: 5/5
   533 | D:1      | Reached skill level 3 in Shields
  1178 | D:2      | Found a deep blue altar of Sif Muna.
  1384 | D:2      | Reached XP level 4. HP: 36/38 MP: 6/6
  1537 | D:2      | Noticed Crazy Yiuf
  1543 | D:2      | Killed Crazy Yiuf
  2168 | D:3      | Reached XP level 5. HP: 45/45 MP: 7/7
  2656 | D:3      | Reached skill level 4 in Shields
  2713 | D:3      | Found a sacrificial altar of Ru.
  2886 | D:4      | Noticed an ogre
  2892 | D:4      | Killed an ogre
  2892 | D:4      | Reached XP level 6. HP: 45/52 MP: 8/8
  3040 | D:4      | Noticed an ogre
  3045 | D:4      | Killed an ogre
  3361 | D:4      | Noticed an ogre
  3366 | D:4      | Killed an ogre
  3478 | D:4      | Found a staircase to the Ecumenical Temple.
  3678 | D:5      | Entered Level 5 of the Dungeon
  3685 | D:5      | Reached XP level 7. HP: 60/60 MP: 9/9
  3819 | D:5      | Found an opulent altar of Gozag.
  3945 | D:5      | Reached skill level 5 in Shields
  3954 | D:5      | Found a shattered altar of Ashenzari.
  4017 | D:5      | Reached skill level 5 in Fighting
  4236 | D:5      | Reached skill level 5 in Axes
  4650 | D:5      | Found a burning altar of Makhleb.
  5382 | D:6      | Reached XP level 8. HP: 57/69 MP: 10/10
  5460 | D:6      | Reached skill level 1 in Dodging
  5497 | D:6      | Reached skill level 6 in Shields
  5571 | D:6      | Found an iron altar of Okawaru.
  6964 | D:7      | Found an ancient bone altar of Kikubaaqudgha.
  7006 | D:7      | Found a glowing golden altar of the Shining One.
  7408 | D:8      | Noticed Prince Ribbit
  8155 | D:8      | Reached XP level 9. HP: 32/78 MP: 11/11
  8524 | D:8      | Reached skill level 7 in Axes
  8560 | D:8      | Killed Prince Ribbit
  8868 | D:8      | Found a snail-covered altar of Cheibriados.
  8873 | D:8      | Found a shimmering altar of Xom.
  8908 | D:9      | Noticed a hill giant
  9451 | D:10     | Entered Level 10 of the Dungeon
 10102 | D:10     | Found Haew's Antique Armour Shoppe.
 10108 | D:10     | Bought a pair of ancient gloves for 199 gold pieces
 10118 | D:10     | Identified the +1 pair of gloves "Ririun" {Int+3} (You bought it in a shop on level 10 of the Dungeon)
 10627 | D:9      | Found a staircase to the Orcish Mines.
 10636 | D:9      | Reached XP level 10. HP: 57/86 MP: 13/13
 11121 | D:9      | Found a radiant altar of Vehumet.
 11197 | D:9      | Reached skill level 8 in Axes
 12027 | D:9      | Found a bloodstained altar of Trog.
 12178 | D:9      | Killed a hill giant
 12178 | D:9      | Reached skill level 5 in Armour
 12984 | D:11     | Found a staircase to the Lair.
 12984 | D:11     | Noticed Snorg
 13552 | D:11     | Noticed a cyclops
 13664 | D:11     | Noticed a tengu warrior
 13666 | D:11     | Noticed a tengu warrior
 13723 | Orc:1    | Entered Level 1 of the Orcish Mines
 14553 | Orc:2    | Found a roughly hewn altar of Beogh.
 14553 | Orc:2    | Noticed an orc high priest
 15045 | D:11     | Killed a tengu warrior
 15310 | D:11     | Killed a tengu warrior
 15310 | D:11     | Reached skill level 9 in Axes
 15310 | D:11     | Reached XP level 11. HP: 55/95 MP: 14/14
 15973 | D:11     | Killed an unseen horror
 16613 | Lair:1   | Entered Level 1 of the Lair of Beasts
 17568 | Lair:1   | Reached skill level 5 in Dodging
 17615 | Lair:1   | Slain by a komodo dragon

Vault maps used:
D:1:      dpeg_arrival_subterranean_lakeside_camping, minmay_misc_feat_rugged
D:2:      lemuel_doored_altar, lemuel_old_faithful, uniq_crazy_yiuf_cottage
D:3:      first_bread, nicolae_ru_path_of_blood
D:4:      minmay_temple_entry_junction
D:5:      nicolae_overflow_crystal_walls, kennysheep_mini_moat,
          kennysheep_decorative_pillar, minmay_stone_trees_small,
          serial_bayou_pond_a, nicolae_gozag_cash_rules_everything_around_me
D:6:      okawaru_altar_gauntlet_db, grunt_decor_cap
D:7:      tso_oasis_becter, lemuel_zombie_altar_kikubaaqudgha
D:8:      nicolae_overflow_hidden_temple, uniq_prince_ribbit1
D:9:      lemuel_round_altar, trog_eyes_of_draining, hiddenorc2_lemuel
D:10:     serial_shops, shop_statue
D:11:     lair_0_dummy, uniq_snorg
Lair:1:   infiniplex_staircase_pool_2
Orc:1:    serial_shops, shop
Orc:2:    kennysheep_orc_chapel

Action                   |  1- 3 |  4- 6 |  7- 9 | 10-12 || total
-------------------------+-------+-------+-------+-------++-------
Melee: War axe           |   113 |   199 |   605 |   230 ||  1147
       Hand axe          |       |       |       |   462 ||   462
       Flail             |       |       |       |    22 ||    22
Throw: Tomahawk          |       |       |       |     7 ||     7
  Use: Potion            |       |     1 |     2 |       ||     3
       Scroll            |       |       |     9 |     3 ||    12
  Eat: Chunk             |     1 |     6 |    15 |     6 ||    28
       Pizza             |       |     1 |       |       ||     1
       Meat ration       |       |       |     2 |       ||     2
       Beef jerky        |       |       |     4 |       ||     4
       Bread ration      |       |       |       |     4 ||     4
       Royal jelly       |       |       |       |     1 ||     1
